 Dungeon Crawl Stone Soup version 0.30.1-9-gdf580d7c3d (webtiles) character file.

Game seed: 11570014033570472236

334840 kalagan the Sorcerer (level 20, -2/106 HPs)
             Began as a Deep Elf Conjurer on Oct 15, 2023.
             Was a High Priest of Sif Muna.
             Shot with a bolt by a +2 hand crossbow of venom (11 damage)
             ... in a wizard's laboratory.
             The game lasted 02:42:56 (47168 turns).

kalagan the Sorcerer (Deep Elf Conjurer)           Turns: 47168, Time: 02:42:57

Health: -2/106     AC: 18    Str:  6    XL:     20   Next: 95%
Magic:  38/57      EV: 14    Int: 38    God:    Sif Muna [*****.]
Gold:   1318       SH:  9    Dex: 16    Spells: 8/63 levels left

rFire   . . .        l - staff of conjuration "Tusaary" {rElec Int+5}
rCold   + + +        P - +3 buckler {AC+3}
rNeg    + . .        p - +4 skin of Zhor {*Englaciate rC+++ SInv}
rPois   .            F - +2 hat {Stlth+}
rElec   +            z - scarf {repulsion}
rCorr   .            t - +2 pair of gloves
SInv    +            i - +2 pair of boots
Will    ++...        v - amulet of magic regeneration
Stlth   +++++        X - ring of magical power
HPRegen 0.37/turn    U - ring of Jomups {Fly rN+ Str-2 Int+4 Dex+3}
MPRegen 0.75/turn

%: repel missiles
@: lethally poisoned (-2 -> -22), flying, studying 2 skills
A: no striking features
}: 2/15 runes: decaying, serpentine
a: Renounce Religion, Channel Magic, Forget Spell, Divine Exegesis


You were in a wizard's laboratory.
You worshipped Sif Muna.
Sif Muna was extremely pleased with you.
You visited 8 branches of the dungeon, and saw 33 of its levels.
You visited the Abyss 2 times.
You also visited: Gauntlet, Volcano, Wizlab and Desolation.

You collected 4091 gold pieces.
You spent 2773 gold pieces at shops.

Inventory:

Hand Weapons
 b - the +8 trident of the Octopus King {venom, rElec rPois}
   (You found it on level 5 of the Lair of Beasts)

   rElec:     It insulates you from electricity.
   rPois:     It protects you from poison.
Missiles
 y - 9 curare-tipped darts
 B - 3 throwing nets
Armour
 d - the +0 ring mail "Febapno" {rPois Will+}
   (You bought it in a shop on level 4 of the Snake Pit)

   rPois:     It protects you from poison.
   Will:      It increases your willpower.
 i - a +2 pair of boots (worn)
 p - the +4 skin of Zhor (worn) {*Englaciate rC+++ SInv}
   (You bought it in a shop on level 4 of the Snake Pit)

   *Englaciate: It radiates cold, occasionally slowing all nearby creatures who
   are not resistant to cold.
   rC:        It renders you almost immune to cold.
   SInv:      It lets you see invisible.
 q - the +0 hat "Vathiavu" {rN+ rCorr Str-5}
   (You found it in a Gauntlet)

   Str:       It affects your strength (-5).
   rN:        It protects you from negative energy.
   rCorr:     It protects you from acid and corrosion.
 t - a +2 pair of gloves (worn)
 z - a scarf of repulsion (worn)
 F - a +2 hat of stealth (worn)
 O - a +2 leather armour of fire resistance
 P - a +3 buckler of protection (worn)
 Q - a +2 kite shield of positive energy
 Z - the +4 chain mail "Coowar" {*Corrode rF+ MP+9 SInv}
   (You found it in the Desolation of Salt)

   rF:        It protects you from fire.
   MP:        It affects your magic capacity (+9).
   SInv:      It lets you see invisible.
   *Corrode:  It may corrode you when you take damage.
Magical Staves
 a - a staff of earth
 l - the staff of conjuration "Tusaary" (weapon) {rElec Int+5}
   (You found it on level 13 of the Dungeon)

   [staff of conjuration]

   Base accuracy: +5 Base damage: 5 Base attack delay: 1.2 This weapon's minimum
   attack delay (0.6) is reached at skill level 12.
   Int:       It affects your intelligence (+5).
   rElec:     It insulates you from electricity.
   It falls into the 'Staves' category.
   It is a one-handed weapon.
 s - a staff of cold
 W - a staff of fire
Jewellery
 c - a ring of protection from fire
 v - an amulet of magic regeneration (around neck)
 L - the amulet of Pedd {Acrobat rN+ Dex+3}
   (You took it off a servant of whispers in the Desolation of Salt)

   [amulet of the acrobat]

   It increases your evasion while moving and waiting.
   Dex:       It affects your dexterity (+3).
   rN:        It protects you from negative energy.
 S - a ring of see invisible
 U - the ring of Jomups (right hand) {Fly rN+ Str-2 Int+4 Dex+3}
   (You took it off an imperial myrmidon in the Desolation of Salt)

   [ring of flight]

   Str:       It affects your strength (-2).
   Int:       It affects your intelligence (+4).
   Dex:       It affects your dexterity (+3).
   rN:        It protects you from negative energy.
   Fly:       It grants you flight.
 V - the amulet "Qukywo" {Reflect rC++ Will- Int+3 Dex+3 SH+5}
   (You found it in the Desolation of Salt)

   [amulet of reflection]

   It reflects blocked missile attacks.
   Int:       It affects your intelligence (+3).
   Dex:       It affects your dexterity (+3).
   rC:        It greatly protects you from cold.
   SH:        It affects your SH (+5).
   Will:      It decreases your willpower.
 X - a ring of magical power (left hand)
 Y - the ring "Emust" {rElec rCorr Int-2 Slay+4}
   (You found it in the Desolation of Salt)

   [ring of slaying]

   Int:       It affects your intelligence (-2).
   Slay:      It affects your accuracy & damage with ranged weapons and melee
   (+4).
   rElec:     It insulates you from electricity.
   rCorr:     It protects you from acid and corrosion.
Wands
 r - a wand of digging (14)
 w - a wand of iceblast (15)
 A - a wand of quicksilver (39)
Scrolls
 e - 3 scrolls of amnesia
 h - 6 scrolls of immolation
 k - a scroll of magic mapping
 n - 5 scrolls of poison
 o - 2 scrolls of blinking
 u - 2 scrolls of fog
 x - 15 scrolls of teleportation
 H - a scroll of summoning
 I - a scroll of fear
 T - 14 scrolls of identify
Potions
 f - 4 potions of heal wounds
 g - 14 potions of curing
 j - 2 potions of haste
 C - 4 potions of resistance
 D - 4 potions of mutation
 E - 4 potions of brilliance
 G - 2 potions of magic
 K - 4 potions of lignification
 M - 2 potions of invisibility
 N - 7 potions of flight
 R - 8 potions of cancellation
Miscellaneous
 J - a phantom mirror


   Skills:
 - Level 5.0 Fighting
 - Level 2.3(3.2) Polearms
 - Level 4.4(5.0) Staves
 - Level 5.0 Throwing
 + Level 10.3 Armour
 + Level 6.4 Dodging
 + Level 9.4 Stealth
 * Level 8.7 Shields
 + Level 22.0 Spellcasting
 * Level 19.0 Conjurations
 - Level 12.0 Hexes
 - Level 8.0 Translocations
 + Level 7.2 Fire Magic
 - Level 6.0 Ice Magic
 - Level 6.0 Air Magic
 * Level 15.8 Earth Magic
 - Level 2.0 Poison Magic
 + Level 12.7 Invocations
 - Level 5.0 Evocations


You had 8 spell levels left.
You knew the following spells:

 Your Spells              Type           Power      Damage    Failure   Level
a - Magic Dart            Conj           100%       1d8       0%          1
b - Lehudib's Crystal Sp  Conj/Erth      66%        10d15     4%          8
c - Dazzling Flash        Conj/Hex       100%       N/A       0%          3
d - Fulminant Prism       Conj/Hex       63%        3d26      0%          4
e - Iskenderun's Mystic   Conj/Tloc      100%       2d19      1%          4
f - Fireball              Conj/Fire      59%        3d23      1%          5
g - Iron Shot             Conj/Erth      66%        9d12      1%          6
i - Freezing Cloud        Conj/Ice/Air   55%        6-21      1%          5
l - Lee's Rapid Deconstr  Erth           52%        3d24*     1%          5
o - Orb of Destruction    Conj           68%        9d16      1%          7
v - Mephitic Cloud        Conj/Pois/Air  100%       N/A       1%          3
F - Flame Wave            Conj/Fire      100%       2d21      1%          4

Your spell library contained the following spells:

 Spells                   Type           Power      Damage    Failure   Level
 Foxfire                  Conj/Fire      100%       2x1d9     0%          1
 Shock                    Conj/Air       100%       1d9       0%          1
 Slow                     Hex            100%       N/A       0%          1
 Momentum Strike          Conj/Tloc      100%       3d10      0%          2
 Searing Ray              Conj           100%       2d8       0%          2
 Static Discharge         Conj/Air       100%       2-7/arc   0%          2
 Hailstorm                Conj/Ice       100%       3d20      0%          3
 Stone Arrow              Conj/Erth      100%       3d13      0%          3
 Iskenderun's Battlesphe  Conj           100%       2d15      0%          5
 Apportation              Tloc           100%       N/A       1%          1
 Freeze                   Ice            100%       1d10      1%          1
 Kiss of Death            Conj/Necr      100%       2d13      1%          1
 Necrotise                Necr           100%       1d9       1%          1
 Summon Small Mammal      Summ           100%       N/A       1%          1
 Call Imp                 Summ           82%        N/A       1%          2
 Cigotuvi's Dreadful Rot  Necr/Pois/Air  100%       N/A       1%          2
 Ensorcelled Hibernation  Hex/Ice        100%       N/A       1%          2
 Lesser Beckoning         Tloc           100%       N/A       1%          2
 Passwall                 Tmut/Erth      66%        N/A       1%          2
 Scorch                   Fire           100%       2d9       1%          2
 Confusing Touch          Hex            93%        N/A       1%          3
 Frozen Ramparts          Ice            100%       1d16      1%          3
 Gell's Gravitas          Tloc           80%        N/A       1%          3
 Ignite Poison            Fire/Tmut/Pois 60%        N/A       1%          3
 Portal Projectile        Hex/Tloc       100%       N/A       1%          3
 Spider Form              Tmut/Pois      49%        N/A       1%          3
 Summon Guardian Golem    Hex/Summ       72%        N/A       1%          3
 Swiftness                Air            72%        N/A       1%          3
 Teleport Other           Tloc           80%        N/A       1%          3
 Tukima's Dance           Hex            93%        N/A       1%          3
 Volatile Blastmotes      Fire/Tloc      100%       2d18      1%          3
 Airstrike                Air            36%        2d(6-22)  1%          4
 Anguish                  Hex/Necr       36%        N/A       1%          4
 Animate Armour           Summ/Erth      100%       N/A       1%          4
 Cause Fear               Hex            46%        N/A       1%          4
 Leda's Liquefaction      Hex/Erth       49%        N/A       1%          4
 Manifold Assault         Tloc           80%        N/A       1%          4
 Arcjolt                  Conj/Air       58%        1d68      1%          5
 Metabolic Englaciation   Hex/Ice        42%        N/A       1%          5
 Silence                  Hex/Air        42%        N/A       1%          5
 Conjure Ball Lightning   Conj/Air       58%        3x3d21    1%          6
 Call Canine Familiar     Summ           41%        N/A       2%          3
 Vampiric Draining        Necr           41%        2d8       2%          3
 Summon Forest            Summ/Tloc      32%        N/A       4%          5
 Dispersal                Tloc           40%        N/A       4%          6
 Statue Form              Tmut/Erth      53%        N/A       4%          6
 Enfeeble                 Hex            46%        N/A       5%          7
 Dispel Undead            Necr           41%        3d16      9%          4
 Blade Hands              Tmut           20%        N/A       24%         5
 Discord                  Hex            46%        N/A       38%         8
 Summon Cactus Giant      Summ           20%        N/A       78%         6
 Disjunction              Tloc           40%        N/A       91%         8
 Maxwell's Capacitive Co  Air            36%        ∞         99%         8
 Dragon Form              Tmut           20%        N/A       100%        7
 Borgnjor's Revivificati  Necr           20%        N/A       100%        8
 Necromutation            Tmut/Necr      20%        N/A       100%        8
 Summon Horrible Things   Summ           20%        N/A       100%        8
 Chain Lightning          Conj/Air       58%        3d78      99%         9
 Death's Door             Necr           20%        N/A       100%        9
 Dragon's Call            Summ           20%        N/A       100%        9


Dungeon Overview and Level Annotations

Branches:
Dungeon (13/15)            Temple (1/1) D:5            Lair (5/5) D:11
  Swamp (4/4) Lair:2        Snake (4/4) Lair:3        Slime (0/5) Lair:4
    Orc (2/2) D:12            Elf (3/3) Orc:2        Vaults (1/5) D:13
Volcano (visited)          WizLab (1/1)             Desolation (visited)
Gauntlet (visited)

Altars:
Dithmenos
Elyvilon
Fedhas
Gozag
Kikubaaqudgha
Makhleb
Okawaru
Qazlal
Ru
Sif Muna
Trog
Vehumet
Wu Jian
Xom
Yredelemnul
Zin
The Shining One
Jiyva

Shops:
D:4 [   D:12 !   Orc:2 ([:=   Elf:1 [   Elf:3 *   Snake:2 =:=   Snake:4 [[!


Message History

The blast of rock fragments hits the rakshasa!!
The rakshasa is heavily wounded.
You radiate an aura of cold.
The +2 hand crossbow of venom is unaffected.
The rakshasa is unaffected.
The +2 hand crossbow of venom shoots a bolt.
The bolt hits you.
You are poisoned.
The rakshasa weaves an illusion.
Casting: Lee's Rapid Deconstruction (safe; 1% risk of failure)
Confirm with . or Enter, or press ? or * to list all spells.
Aiming: Lee's Rapid Deconstruction (safe; 1% risk of failure)
Press: ? - help, Dir - move target A translucent rock wall.
The wall shatters!
The blast of rock fragments hits the +2 hand crossbow of venom but does no damage.
The +2 hand crossbow of venom is lightly damaged.
The blast of rock fragments hits the rakshasa!!
The rakshasa is almost dead.
You feel sick.
The +2 hand crossbow of venom shoots a bolt.
The bolt hits you!
* * * LOW HITPOINT WARNING * * *
You are lethally poisoned!
Casting: Lee's Rapid Deconstruction (safe; 1% risk of failure)
Confirm with . or Enter, or press ? or * to list all spells.
Aiming: Lee's Rapid Deconstruction (safe; 1% risk of failure)
Press: ? - help, Dir - move target A translucent rock wall.
The wall shatters!
The blast of rock fragments hits the +2 hand crossbow of venom!!
The +2 hand crossbow of venom is severely damaged.
The blast of rock fragments hits the rakshasa!!
You kill the rakshasa!
Sif Muna accepts your kill.
* * * LOW HITPOINT WARNING * * *
You feel very sick.
The +2 hand crossbow of venom shoots a bolt.
The bolt hits you!
You die...

##...## ##.).##
##...## ##...##
#..## ##''##
##..### . ##...##
.. ###@.### #.8
###...### ##.#
##.)⌠..###
#...#####(.)..##
..(*.###)).##..##
........)..##...##
...*....##.....###
.....######..[###
[[/[[#### ######


You could see a +2 hand crossbow of venom.

Vanquished Creatures
  Vashnia (Snake:3)
  Jorgrun (Snake:3)
  A walking crystal tome (WizLab)
  Mlioglotl (Snake:3)
  2 quicksilver dragons (Snake:4)
  2 deep elf blademasters
  2 deep elf master archers (Elf:3)
  2 tentacled starspawn (Abyss:3)
  An Executioner (Abyss:3)
  2 thorn hunters
  The ghost of Gokhumny the Blocker, an adept GnFi of Okawaru (Swamp:2)
  Kirke (Swamp:1)
  A fenstrider witch (Swamp:1)
  4 nagarajas
  7 deep elf sorcerers
  2 imperial myrmidons (Desolation)
  Aizul (Snake:3)
  2 angels (Elf:2)
  An orc warlord (Elf:3)
  8 deep elf elementalists
  8 deep elf demonologists (Elf:3)
  Nessos (Lair:3)
  Azrael (Snake:1)
  A red draconian (Volcano)
  7 bunyips
  7 eleionomae
  2 halazid warlocks (Desolation)
  10 deep elf annihilators
  A minotaur (Gauntlet)
  5 deep elf death magi (Elf:3)
  3 ragged hierophants (Desolation)
  2 crystal guardians (Desolation)
  Josephine (Orc:1)
  A shambling mangrove (Swamp:4)
  A spectral fenstrider witch (Swamp:2)
  3 deep elf high priests (Elf:3)
  3 rakshasas (WizLab)
  3 servants of whispers (Desolation)
  2 salamander tyrants (Snake:4)
  A ghost crab (Swamp:1)
  9 peacekeepers (Desolation)
  17 hydras
  2 ogre magi
  9 anacondas
  A merfolk avatar (Lair:5)
  The ghost of fedepesso the Fighter, a novice DrFi of Okawaru (D:8)
  8 alligators
  8 two-headed ogres
  18 naga warriors
  2 boulder beetles
  A vampire mage (Swamp:1)
  A centaur warrior (D:13)
  The ghost of ruby the Skirmisher, a novice BaHu of Okawaru (D:8)
  The ghost of VerbalBBQ the Blocker, a novice FoFi of Okawaru (D:8)
  2 death scarabs (Gauntlet)
  2 thrashing horrors (Abyss:3)
  22 naga sharpshooters
  Urug (Orc:2)
  5 orc high priests
  4 shock serpents
  A wretched star (Abyss:3)
  14 deep elf knights
  2 spriggan berserkers (Swamp:4)
  The ghost of laros the Cleaver, a novice MiBe of Trog (D:8)
  Sonja (Orc:2)
  3 skysharks
  A spectral death yak (Gauntlet)
  7 goliath frogs
  The ghost of LaMa the Thaumaturge, a novice DEFE of Sif Muna (D:8)
  A skeletal warrior (D:13)
  3 salamander mystics
  7 spriggan druids
  A glowing orange brain (Abyss:3)
  15 swamp dragons
  6 naga ritualists
  2 lindwurms
  2 harpies (Lair:5)
  13 bog bodies
  2 ironbound convokers (Desolation)
  Pikel (D:7)
  A necromancer (Swamp:1)
  8 deep elf archers
  27 deep elf pyromancers
  35 deep elf zephyrmancers
  2 starcursed masses (Abyss:3)
  10 orc knights
  11 mana vipers
  3 ugly things
  A worldbinder (Abyss:3)
  2 manticores
  4 orc sorcerers (Orc:2)
  16 salamanders
  2 cyclopes
  2 will-o-the-wisps (Swamp:3)
  49 black mambas
  16 guardian serpents
  2 spectral spriggans (Swamp:2)
  6 elephants (Lair:4)
  A rust devil (Abyss:3)
  A guardian serpent (shapeshifter) (D:12)
  2 eyes of devastation
  A vault sentinel (Vaults:1)
  A smoke demon (Abyss:3)
  21 naga magi
  4 orange demons (D:13)
  13 cane toads
  7 rime drakes
  4 centaur skeletons (D:13)
  2 unseen horrors
  Psyche (D:9)
  A gargoyle (D:11)
  4 yaktaurs (D:13)
  A minotaur zombie (Gauntlet)
  2 red devils (D:13)
  12 komodo dragons
  2 trolls
  A queen bee (Gauntlet)
  2 ancient zymes (Abyss:3)
  7 polar bears
  A spectral death drake (Swamp:2)
  6 meliai
  A queen bee (shapeshifter) (D:13)
  10 tyrant leeches
  2 bloated husks
  A wind drake (Lair:5)
  13 hornets
  14 blink frogs
  A spectral dream sheep (Gauntlet)
  A tyrant leech (shapeshifter) (Elf:3)
  A snapping turtle (Lair:5)
  5 dream sheep (Lair:5)
  2 jumping spiders (D:9)
  40 saltlings (Desolation)
  2 air elementals (Elf:1)
  29 dancing weapons
  9 spriggans
  8 slime creatures
  4 vampires
  A shadow (D:9)
  2 steam dragons
  2 water elementals
  4 wyverns
  A ynoxinul (Abyss:3)
  70 yaks
  A spectral fire crab (Gauntlet)
  9 wraiths
  4 hogs (Swamp:1)
  3 basilisks
  A golden eye (Gauntlet)
  A redback (D:9)
  3 spriggan simulacra (Swamp:2)
  3 fire elementals
  13 vampire mosquitoes
  56 nagas
  5 large abominations (Abyss:3)
  11 swamp worms
  A spectral cane toad (Gauntlet)
  6 hell hounds (Snake:1)
  2 death drake simulacra (Swamp:2)
  An acid dragon (D:10)
  2 floating eyes
  9 water moccasins
  An ice beast (D:6)
  5 black bears
  6 swamp drakes
  25 orc warriors
  11 ogres
  20 wolves
  2 phantoms
  3 centaurs
  2 small abominations (Abyss:3)
  2 lemures (D:7)
  3 kobold brigands
  2 scorpions
  13 bullfrogs
  2 earth elementals (Elf:1)
  4 wights (D:8)
  12 killer bees
  A vampire bat (Lair:2)
  5 howler monkeys
  2 electric eels
  2 lava snakes (D:9)
  A crimson imp (Abyss:3)
  2 gnoll boudas
  2 hounds (D:5)
  13 orc priests
  A sleepcap (D:5)
  Jessica (D:2)
  Ijyb (D:4)
  5 iguanas
  12 orc wizards
  15 gnolls
  6 adders
  A shadow imp (D:8)
  2 white imps (D:6)
  An ufetubus (D:6)
  3 worms
  3 dart slugs
  36 orcs
  19 bats
  6 endoplasms
  7 giant cockroaches
  12 goblins
  4 hobgoblins
  3 jackals (D:2)
  26 kobolds
  2 quokkas
  7 ball pythons
  3 frilled lizards
  5 rats
1275 creatures vanquished.

Vanquished Creatures (collateral kills)
  A deep elf sorcerer (Elf:3)
  3 two-headed ogres
  A tengu warrior (D:11)
  An orc high priest (Orc:2)
  2 orc knights (Orc:2)
  Maggie (D:9)
  3 orc warriors
  A kobold brigand (D:9)
  A gnoll sergeant (D:9)
  A wight (D:8)
  An orc wizard (Orc:1)
  3 gnolls (D:9)
  3 orcs (Orc:1)
  A kobold (D:9)
23 creatures vanquished.

Vanquished Creatures (others)
  5 dancing weapons
  A naga mage (Snake:4)
  A human (Swamp:1)
  6 foxfires (Swamp:3)
  191 fulminant prisms
  2 starspawn tentacles (Abyss:3)
206 creatures vanquished.

Grand Total: 1504 creatures vanquished

Notes
Turn   | Place    | Note
-------+----------+-------------------------------------------
     0 | D:1      | kalagan the Deep Elf Conjurer began the quest for the Orb.
     0 | D:1      | Reached XP level 1. HP: 10/10 MP: 6/6
   123 | D:1      | Reached skill level 1 in Hexes
   123 | D:1      | Reached XP level 2. HP: 5/15 MP: 0/8
   198 | D:1      | Found a faded altar of an unknown god.
   977 | D:1      | Learned a level 2 spell: Searing Ray
  1044 | D:2      | Reached XP level 3. HP: 19/19 MP: 6/10
  1080 | D:2      | Noticed a scorpion
  1085 | D:2      | Killed a scorpion
  1086 | D:2      | Reached skill level 4 in Spellcasting
  1086 | D:2      | Reached skill level 5 in Conjurations
  1086 | D:2      | Reached XP level 4. HP: 24/24 MP: 6/12
  1434 | D:2      | Reached XP level 5. HP: 28/28 MP: 9/13
  1484 | D:2      | Found a basalt altar of Yredelemnul.
  1847 | D:2      | Noticed Jessica
  1850 | D:2      | Killed Jessica
  2022 | D:2      | Learned a level 3 spell: Dazzling Flash
  2027 | D:2      | Learned a level 4 spell: Fulminant Prism
  2183 | D:3      | Reached skill level 5 in Spellcasting
  2339 | D:3      | Found a glowing golden altar of the Shining One.
  3013 | D:3      | Learned a level 4 spell: Iskenderun's Mystic Blast
  3123 | D:4      | Noticed an ogre
  3133 | D:4      | Killed an ogre
  3134 | D:4      | Reached XP level 6. HP: 32/32 MP: 10/16
  3273 | D:4      | Found Fucha's Armour Shop.
  3429 | D:4      | Reached skill level 1 in Armour
  3520 | D:4      | Found an ancient bone altar of Kikubaaqudgha.
  3863 | D:4      | Noticed Ijyb
  3868 | D:4      | Killed Ijyb
  4207 | D:4      | Bought a +0 pair of gloves for 45 gold pieces
  4352 | D:5      | Entered Level 5 of the Dungeon
  4384 | D:5      | Reached skill level 5 in Hexes
  4384 | D:5      | Reached XP level 7. HP: 36/36 MP: 9/17
  4506 | D:5      | Reached skill level 6 in Spellcasting
  4675 | D:5      | Found a staircase to the Ecumenical Temple.
  4705 | Temple   | Entered the Ecumenical Temple
  4754 | Temple   | Became a worshipper of Sif Muna the Loreminder
  4809 | D:5      | Reached skill level 1 in Invocations
  4810 | D:5      | Reached skill level 7 in Spellcasting
  4959 | D:5      | Found an opulent altar of Gozag.
  5013 | D:5      | Reached XP level 8. HP: 41/41 MP: 16/20
  5407 | D:5      | Found a radiant altar of Vehumet.
  5909 | D:6      | Reached skill level 1 in Translocations
  6095 | D:6      | Found a glowing silver altar of Zin.
  6684 | D:6      | Learned a level 6 spell: Iron Shot
  6749 | D:7      | Reached * piety under Sif Muna
  7097 | D:7      | Noticed Pikel
  7108 | D:7      | Killed Pikel
  7109 | D:7      | Reached skill level 8 in Spellcasting
  7109 | D:7      | Reached skill level 1 in Earth Magic
  7109 | D:7      | Reached XP level 9. HP: 30/45 MP: 9/23
  7739 | D:8      | Found an ornate altar of the Wu Jian Council.
  8042 | D:8      | Reached ** piety under Sif Muna
  8047 | D:8      | Reached skill level 9 in Spellcasting
  8054 | D:8      | Learned a level 3 spell: Tukima's Dance
  8370 | D:8      | Found a runed translucent gate.
  8370 | D:8      | Found a runed translucent gate.
  8370 | D:8      | Noticed ruby's ghost (novice BaHu)
  8371 | D:8      | Found a runed translucent gate.
  8371 | D:8      | Noticed fedepesso's ghost (novice DrFi)
  8372 | D:8      | Noticed laros's ghost (novice MiBe)
  8372 | D:8      | Noticed VerbalBBQ's ghost (novice FoFi)
  8373 | D:8      | Noticed LaMa's ghost (novice DEFE)
  8580 | D:9      | Noticed Maggie
  8593 | D:9      | Killed Maggie
  8594 | D:9      | Reached skill level 5 in Translocations
  8876 | D:9      | Noticed Psyche
  8882 | D:9      | Killed Psyche
  8883 | D:9      | Reached XP level 10. HP: 32/50 MP: 17/25
  9250 | D:9      | Found a shadowy altar of Dithmenos.
  9254 | D:9      | Found a bloodstained altar of Trog.
  9254 | D:9      | Found a stormy altar of Qazlal.
  9267 | D:9      | Found a blossoming altar of Fedhas.
  9270 | D:9      | Found a basalt altar of Yredelemnul.
  9475 | D:9      | Found a runed translucent door.
  9701 | D:9      | Reached skill level 10 in Spellcasting
  9746 | D:9      | Reached skill level 1 in Throwing
  9870 | D:9      | Found a runed translucent gate.
  9871 | D:9      | Noticed a boulder beetle
  9872 | D:9      | Found a runed translucent gate.
  9886 | D:9      | Found a runed translucent gate.
  9886 | D:9      | Found a runed translucent gate.
  9886 | D:9      | Found a runed translucent gate.
  9886 | D:9      | Noticed a lindwurm
  9887 | D:9      | Found a runed translucent gate.
  9938 | D:10     | Entered Level 10 of the Dungeon
  9938 | D:10     | Noticed a two-headed ogre
 10348 | D:10     | Killed a two-headed ogre
 10570 | D:10     | Noticed a two-headed ogre
 10579 | D:10     | Killed a two-headed ogre
 10580 | D:10     | Reached XP level 11. HP: 54/54 MP: 19/27
 10663 | D:10     | Reached skill level 5 in Invocations
 10669 | D:10     | Reached skill level 11 in Spellcasting
 10669 | D:10     | Reached skill level 10 in Conjurations
 10954 | D:10     | Learned a level 4 spell: Flame Wave
 11003 | D:11     | Noticed a two-headed ogre
 11016 | D:11     | Killed a two-headed ogre
 11016 | D:11     | Reached *** piety under Sif Muna
 11052 | D:11     | Reached skill level 1 in Fire Magic
 11195 | D:11     | Noticed a tengu warrior
 11210 | D:11     | Killed a tengu warrior
 11675 | D:11     | Reached skill level 5 in Earth Magic
 11906 | D:11     | Noticed a red ugly thing
 11919 | D:11     | Killed a red ugly thing
 11983 | D:11     | Learned a level 3 spell: Mephitic Cloud
 12292 | D:11     | Found a staircase to the Lair.
 12700 | Lair:1   | Entered Level 1 of the Lair of Beasts
 12710 | Lair:1   | Reached skill level 12 in Spellcasting
 12710 | Lair:1   | Reached skill level 1 in Evocations
 12713 | Lair:1   | Reached skill level 1 in Poison Magic
 12729 | Lair:1   | Reached skill level 1 in Air Magic
 12729 | Lair:1   | Reached XP level 12. HP: 22/60 MP: 20/30
 12789 | Lair:1   | Found a gate leading to a gauntlet.
 12797 | Gauntlet | Entered a Gauntlet
 12797 | Gauntlet | Found a transporter.
 12908 | Gauntlet | Found a transporter.
 12910 | Gauntlet | Found a transporter.
 12928 | Gauntlet | Found a transporter.
 12929 | Gauntlet | Found a transporter.
 12933 | Gauntlet | Noticed a death scarab
 12936 | Gauntlet | Noticed a death scarab
 12938 | Gauntlet | Found a transporter.
 12952 | Gauntlet | Found a runed translucent door.
 12956 | Gauntlet | Found a transporter.
 12957 | Gauntlet | Noticed a great orb of eyes
 12965 | Gauntlet | Found a transporter.
 12967 | Gauntlet | Noticed a hell beast
 12975 | Gauntlet | Found a transporter.
 12991 | Gauntlet | Found a transporter.
 13012 | Gauntlet | Found a transporter.
 13014 | Gauntlet | Found a transporter.
 13084 | Gauntlet | Reached skill level 1 in Fighting
 13113 | Gauntlet | Reached skill level 5 in Armour
 13214 | Gauntlet | Found a transporter.
 13325 | Gauntlet | Killed a death scarab
 13326 | Gauntlet | Killed a death scarab
 13352 | Gauntlet | Identified the +0 hat "Vathiavu" {rN+ rCorr Str-5}
 13478 | Gauntlet | Learned a level 5 spell: Lee's Rapid Deconstruction
 13495 | Gauntlet | Identified the +3 morningstar "Piniabow" {flame, Will-
                  | Dex+9 Stlth+}
 13495 | Gauntlet | Noticed a minotaur
 13506 | Gauntlet | Killed a minotaur
 13864 | Lair:1   | Reached **** piety under Sif Muna
 14042 | Lair:1   | Reached skill level 10 in Hexes
 14564 | Lair:2   | Noticed a six-headed hydra
 14568 | Lair:2   | Killed a six-headed hydra
 14569 | Lair:2   | Reached skill level 13 in Spellcasting
 14710 | Lair:2   | Reached skill level 5 in Stealth
 14898 | Lair:2   | Reached XP level 13. HP: 66/66 MP: 17/32
 15066 | Lair:2   | Reached skill level 5 in Dodging
 15590 | Lair:2   | Found a staircase to the Swamp.
 15692 | Lair:3   | Reached skill level 1 in Staves
 15742 | Lair:3   | Noticed Nessos
 15760 | Lair:3   | Killed Nessos
 16220 | Lair:3   | Found a staircase to the Snake Pit.
 16782 | Lair:4   | Reached skill level 14 in Spellcasting
 17024 | Lair:4   | Found a viscous altar of Jiyva.
 17041 | Lair:4   | Found a staircase to the Slime Pits.
 17174 | Lair:4   | Reached ***** piety under Sif Muna
 17732 | Lair:5   | Entered Level 5 of the Lair of Beasts
 17885 | Lair:5   | Received a gift from Sif Muna
 17894 | Lair:5   | Got Sif Muna's Tractate on the Evil Eye and Conflict {god
                  | gift}
 18033 | Lair:5   | Reached XP level 14. HP: 48/74 MP: 15/34
 18427 | Lair:5   | Found the +8 trident of the Octopus King {venom, rElec
                  | rPois}
 18649 | Lair:5   | Reached skill level 15 in Spellcasting
 19686 | D:8      | Killed LaMa's ghost
 19698 | D:8      | Killed fedepesso's ghost
 19698 | D:8      | Killed VerbalBBQ's ghost
 19701 | D:8      | Killed laros's ghost
 19704 | D:8      | Killed ruby's ghost
 19850 | D:8      | Learned a level 5 spell: Fireball
 20283 | D:12     | Found a staircase to the Orcish Mines.
 20318 | D:12     | Reached skill level 1 in Polearms
 20675 | D:12     | Found Zeum's Distillery.
 20683 | D:12     | Bought a potion of resistance for 120 gold pieces
 20683 | D:12     | Bought a potion of heal wounds for 60 gold pieces
 20683 | D:12     | Bought a potion of lignification for 36 gold pieces
 20683 | D:12     | Bought a potion of curing for 36 gold pieces
 20683 | D:12     | Bought a potion of curing for 36 gold pieces
 20683 | D:12     | Bought a potion of cancellation for 96 gold pieces
 20685 | D:12     | Reached skill level 10 in Earth Magic
 20685 | D:12     | Reached XP level 15. HP: 78/78 MP: 36/36
 20828 | Orc:1    | Entered Level 1 of the Orcish Mines
 20945 | Orc:1    | Received a gift from Sif Muna
 20979 | Orc:1    | Got Sif Muna's Discourse on Cooperative Curses {god gift}
 21074 | Orc:1    | Reached skill level 5 in Fire Magic
 21410 | Orc:2    | Entered Level 2 of the Orcish Mines
 21473 | Orc:2    | Found a dark tunnel.
 21479 | Volcano  | Entered a volcano
 21590 | Volcano  | Found a radiant altar of Vehumet.
 21869 | Orc:2    | Noticed Urug
 21882 | Orc:2    | Killed Urug
 22019 | Orc:1    | Noticed Josephine
 22022 | Orc:1    | Killed Josephine
 22028 | Orc:1    | Reached XP level 16. HP: 83/83 MP: 10/37
 22477 | Orc:2    | Found a staircase to the Elven Halls.
 22487 | Orc:2    | Noticed Sonja
 22493 | Orc:2    | Killed Sonja
 22697 | Orc:2    | Received a gift from Sif Muna
 22762 | Orc:2    | Got Sif Muna's Reference Book on Configuration and Power
                  | {god gift}
 23211 | Orc:2    | Found Coqeokki's Jewellery Shop.
 23211 | Orc:2    | Found Vesielidd's Book Shop.
 23212 | Orc:2    | Found Jitaak's Armour Shoppe.
 23212 | Orc:2    | Found Aptuniathro's Antique Weapon Shoppe.
 23232 | Orc:2    | Bought a Trismegistus Codex for 364 gold pieces
 23239 | Orc:2    | Learned a level 5 spell: Freezing Cloud
 23303 | Elf:1    | Entered Level 1 of the Elven Halls
 23452 | Elf:1    | Paralysed by an air elemental for 1 turns
 23655 | Elf:1    | Reached skill level 1 in Ice Magic
 24046 | Elf:1    | Got Sif Muna's Thoughts on Combat Magic
 24118 | Abyss:3  | Cast into level 3 of the Abyss (a deep elf sorcerer)
 24120 | Abyss:3  | Noticed an Executioner
 24127 | Abyss:3  | Killed an Executioner
 24209 | Abyss:3  | Noticed a tentacled starspawn
 24213 | Abyss:3  | Killed a tentacled starspawn
 24334 | Abyss:3  | Noticed a tentacled starspawn
 24338 | Abyss:3  | Killed a tentacled starspawn
 24341 | Elf:1    | Escaped the Abyss
 24377 | Elf:1    | Reached skill level 16 in Spellcasting
 24953 | Elf:1    | Found Lidiapo's Armour Shop.
 25335 | Elf:2    | Found a glowing silver altar of Zin.
 25336 | Elf:2    | Found a crumbling gateway.
 25336 | Elf:2    | Found a glowing golden altar of the Shining One.
 25348 | Elf:2    | Found a white marble altar of Elyvilon.
 25384 | Desolati | Entered the Desolation of Salt
 25717 | Desolati | Identified the ring of Jomups {Fly rN+ Str-2 Int+4 Dex+3}
 25722 | Desolati | Reached XP level 17. HP: 71/88 MP: 13/39
 25850 | Desolati | Identified the amulet "Qukywo" {Reflect rC++ Will- Int+3
                  | Dex+3 SH+5}
 26348 | Desolati | Identified the +6 chain mail "Qegg" {rElec Int+2}
 26348 | Desolati | Identified the amulet of Pedd {Acrobat rN+ Dex+3}
 26352 | Desolati | Reached skill level 5 in Air Magic
 26509 | Desolati | Got the Precepts of Incineration and Gases
 26583 | Desolati | Reached skill level 5 in Evocations
 26590 | Desolati | Reached skill level 17 in Spellcasting
 26727 | Desolati | Reached skill level 15 in Conjurations
 26727 | Desolati | Reached skill level 5 in Ice Magic
 26935 | Desolati | Identified the ring "Emust" {rElec rCorr Int-2 Slay+4}
 26943 | Desolati | Identified the +4 chain mail "Coowar" {*Corrode rF+ MP+9
                  | SInv}
 27009 | Desolati | Identified the +1 morningstar of Terra Cotta {venom, rElec
                  | rF+}
 27319 | Elf:2    | Reached skill level 5 in Throwing
 27466 | Elf:2    | Reached skill level 10 in Invocations
 27977 | Elf:2    | Identified the +5 scale mail of Surean {Contam rC+ rCorr
                  | Dex+4}
 28413 | Elf:2    | Found a huge runed translucent gate.
 28413 | Elf:2    | Found a huge runed translucent gate.
 28413 | Elf:2    | Found a huge runed translucent gate.
 28413 | Elf:2    | Found a huge runed translucent gate.
 28413 | Elf:2    | Found a huge runed translucent gate.
 28461 | Elf:2    | Reached skill level 18 in Spellcasting
 29145 | Elf:2    | Noticed a deep elf blademaster
 29151 | Elf:2    | Killed a deep elf blademaster
 29626 | Elf:3    | Entered Level 3 of the Elven Halls
 29803 | Elf:3    | Reached skill level 5 in Fighting
 29814 | Elf:3    | Reached skill level 1 in Shields
 29818 | Elf:3    | Reached skill level 19 in Spellcasting
 29838 | Elf:3    | Reached XP level 18. HP: 94/96 MP: 7/43
 30322 | Elf:3    | Found Ochyinya's General Store.
 31523 | Elf:3    | Learned a level 8 spell: Lehudib's Crystal Spear
 31648 | Abyss:3  | Cast into level 3 of the Abyss (a deep elf sorcerer)
 31670 | Abyss:3  | Found a corrupted altar of Lugonu.
 31678 | Elf:3    | Escaped the Abyss
 32261 | Elf:3    | HP: 2/96 [deep elf master archer/arrow (11)]
 32870 | Elf:3    | Identified the +0 leather armour of Resonance {Stlth+}
 32870 | Elf:3    | Identified the +3 war axe "Lic Cathiyla" {heavy, Contam
                  | rElec Dex+3}
 33904 | Elf:3    | Identified the +7 sling "Vuhyojac" {freeze, Fly Str+2}
 33923 | Elf:3    | Identified the +5 shortbow "Gueqiuta" {heavy, rF+ Dex+3}
 34152 | Orc:2    | Bought the Incunable of Loathsome Destruction for 336 gold
                  | pieces
 34162 | Orc:2    | Learned a level 7 spell: Orb of Destruction
 34545 | Snake:1  | Entered Level 1 of the Snake Pit
 34569 | Snake:1  | Noticed Azrael
 34574 | Snake:1  | Killed Azrael
 34575 | Snake:1  | Reached skill level 20 in Spellcasting
 35404 | Snake:1  | Reached skill level 5 in Shields
 36741 | Snake:2  | Identified the +5 arbalest "Attabb" {flame, Will+ Str+2}
 36761 | Snake:2  | Reached XP level 19. HP: 86/100 MP: 23/45
 36907 | Snake:2  | Received a gift from Sif Muna
 36909 | Snake:2  | Got Sif Muna's Catalogue of the Vehement Lungs {god gift}
 37107 | Snake:2  | Found Notof's Jewellery Shop.
 37107 | Snake:2  | Found Kohuydgh's Book Shoppe.
 37108 | Snake:2  | Found Ocusig's Jewellery Shop.
 37114 | Snake:2  | Bought a ring of magical power for 240 gold pieces
 37565 | Snake:3  | Noticed Aizul
 37569 | Snake:3  | Killed Aizul
 37930 | Snake:3  | Noticed Vashnia
 38255 | Snake:3  | Noticed Jorgrun
 38259 | Snake:3  | Killed Jorgrun
 38632 | Snake:3  | Killed Vashnia
 38903 | Snake:3  | Noticed Mlioglotl
 38913 | Snake:3  | Killed Mlioglotl
 39199 | Snake:3  | Received a gift from Sif Muna
 39292 | Snake:3  | Got Sif Muna's Catalogue of the Discontinuous Mantle {god
                  | gift}
 39493 | Snake:4  | Entered Level 4 of the Snake Pit
 39499 | Snake:4  | Reached skill level 21 in Spellcasting
 40208 | Snake:4  | Found Unuvanof's Armour Shoppe.
 40226 | Snake:4  | Bought the +4 skin of Zhor {*Englaciate rC+++ SInv} for 864
                  | gold pieces
 40226 | Snake:4  | Found the +4 skin of Zhor {*Englaciate rC+++ SInv}
 40226 | Snake:4  | Found Evekaca's Distillery.
 40241 | Snake:4  | Bought a potion of heal wounds for 75 gold pieces
 40241 | Snake:4  | Bought a potion of curing for 45 gold pieces
 40241 | Snake:4  | Bought a potion of curing for 45 gold pieces
 40241 | Snake:4  | Bought a potion of brilliance for 60 gold pieces
 40241 | Snake:4  | Bought a potion of curing for 45 gold pieces
 40566 | Snake:4  | Received a gift from Sif Muna
 40567 | Snake:4  | Got Sif Muna's Tractate on Translocated Ozone {god gift}
 40665 | Snake:4  | Found Cotzoopi's Antique Armour Shoppe.
 41327 | Snake:4  | Got a serpentine rune of Zot
 41475 | Snake:4  | Bought the +0 ring mail "Febapno" {rPois Will+} for 270
                  | gold pieces
 41682 | Swamp:1  | Entered Level 1 of the Swamp
 41687 | Swamp:1  | Reached skill level 15 in Earth Magic
 41769 | Swamp:1  | Noticed Kirke
 41788 | Swamp:1  | Killed Kirke
 41789 | Swamp:1  | Reached XP level 20. HP: 69/106 MP: 12/47
 42487 | Swamp:1  | Identified the +6 whip of Qeacyroe {heavy, +Blink rC-
                  | Will+++ Dex-5}
 42910 | Swamp:2  | Reached skill level 10 in Armour
 42958 | Swamp:2  | Received a gift from Sif Muna
 42990 | Swamp:2  | Got Sif Muna's Omnibus of Guile {god gift}
 43368 | Swamp:2  | Found a runed translucent gate.
 43368 | Swamp:2  | Found a runed translucent gate.
 43368 | Swamp:2  | Found a runed translucent gate.
 43398 | Swamp:2  | Noticed Gokhumny's ghost (adept GnFi)
 43422 | Swamp:2  | Killed Gokhumny's ghost
 44574 | Swamp:4  | Entered Level 4 of the Swamp
 44910 | Swamp:4  | Received a gift from Sif Muna
 44919 | Swamp:4  | Got Sif Muna's Compilation of the Conjured Deep Freeze {god
                  | gift}
 45250 | Swamp:4  | Reached skill level 22 in Spellcasting
 45559 | Swamp:4  | Got a decaying rune of Zot
 46099 | D:13     | Identified the staff of conjuration "Tusaary" {rElec Int+5}
 46564 | D:13     | Found a gate to the Vaults.
 47031 | Vaults:1 | Entered Level 1 of the Vaults
 47092 | Vaults:1 | Found a magical portal.
 47097 | WizLab   | Entered Tukima's Studio
 47168 | WizLab   | Shot with a bolt by a +2 hand crossbow of venom

Illustrated notes

Levels and vault maps discovered:
D:1:      mrwooster_arrival_arrow, layout_basic,
          dreamdust_ecumenical_altar_angels_and_demons
D:2:      layout_rooms, basic_altar, uniq_jessica
D:3:      layout_loops_ring, mainiacjoe_overflow_cross_hatched,
          serial_park_tiny_2
D:4:      layout_loops_ring, mainiacjoe_overflow_alcove_1, serial_shops,
          nicolae_shop_tiny_statue_garden, uniq_ijyb
D:5:      layout_basic, grunt_temple_overflow_open, minmay_temple_entry_wispy,
          minmay_starry_boxes
D:6:      layout_basic, zin_statuary, due_unseen_surprise
D:7:      layout_basic, uniq_pikel
D:8:      layout_basic, nzn_wu_jian_contemplation, gammafunk_ghost_cemetery
D:9:      gammafunk_indiana_jones, layout_irregular_city,
          minmay_overflow_temple_star_hex, st_stairs_8, chequers_garden,
          kennysheep_generic_room_6, uniq_maggie, uniq_psyche
D:10:     layout_small_grid, serial_glass, glass_columns_a, glass_columns_c,
          kennysheep_generic_room_15
D:11:     layout_loops_corners, due_lair_maze_entry_diamond
D:12:     layout_basic, orc_0_dummy, serial_shops, shop
D:13:     layout_basic, hangedman_vaults_entry_quadrant_bands,
          grunt_decor_fettered, minivault_14, minmay_beelzebubs_servants
Temple:   jpeg_temple_clearing
Lair:1:   wander_river, layout_concentric_octagons, gauntlet_entry_generic,
          pdpol_lair_neglected_garden, grunt_megastairs_2, lemuel_fruit_tree
Lair:2:   layout_misc_corridors, nicolae_swamp_entry_splash_gauntlet,
          roderic_batcave, beast_lair_carwin_9
Lair:3:   layout_regular_city, guppyfry_snake_entry_garden,
          infiniplex_staircase_pool, serial_bayou_shore_a, uniq_nessos
Lair:4:   layout_gridlike, minmay_slime_entry_eyes
Lair:5:   gammafunk_lair_ancient_temple, layout_regular_city
Swamp:1:  nicolae_swamp_standing_stones, layout_falls_marsh,
          evilmike_swamp_ruin_rubble_1, swamp_pool3, hangedman_swamp_diagram,
          cheibrodos_swamp_pet_leeches, infiniplex_staircase_pool_2, uniq_kirke
Swamp:2:  layout_falls_marsh, gammafunk_ghost_necromancy,
          evilmike_swamp_ruin_house_6, swamp_pool3
Swamp:3:  layout_basic_swamp, nicolae_swamp_small_spring, swamp_pool5
Swamp:4:  swamp_basic_johnstein, layout_basic_swamp
Snake:1:  layout_chambers, hangedman_snake_corridor_split, uniq_azrael
Snake:2:  layout_cave_shapes, minmay_shop_grove
Snake:3:  nicolae_aizul_guard, layout_grid_maze, uniq_jorgrun, uniq_mlioglotl,
          uniq_vashnia
Snake:4:  hellmonk_snake_rune_quicksilver_temple, layout_cave_town,
          serial_shops, nicolae_shop_tiny_glass, minmay_shop_star
Orc:1:    layout_diamond_mine, uniq_josephine
Orc:2:    st_orc_elflike, layout_diamond_mine, nicolae_volcano_entry_s_turn,
          uniq_urug, uniq_sonja
Elf:1:    minmay_elf_arrival_summoners, layout_loops_cross, serial_shops, shop,
          minmay_elf_annihilation
Elf:2:    elven_hall_of_blades_hangedman_alternative [nicolae_blade_bullseye],
          layout_rooms, portal_desolation_entry_holy_temple,
          nicolae_elf_blasts_and_bolts
Elf:3:    minmay_elf_hall_x, layout_loops_cross, serial_shops,
          nicolae_shop_competitors_out_of_business, special_room
          [special_room_orc]
Vaults:1: infiniplex_enter_wizlab_spiral, vaults_room_octagon,
          nicolae_vaults_arrows, nicolae_vaults_taking_the_gang_shopping,
          vaults_dpeg_encased_lava, v_alt_pattern_3, nicolae_vaults_apartment_2,
          nicolae_vaults_apartment_1, dpeg_vaults_monster_row,
          nicolae_vaults_turnstiles, nicolae_vaults_surprise_closet,
          layout_vaults_omnicross
WizLab:   wizlab_tukima

Skill      XL: |  1  2  3  4  5  6  7  8  9 10 11 12 13 14 15 16 17 18 19 20 |
---------------+-------------------------------------------------------------+-----
Hexes          | 1 2 3 4 5 6 7 8 9 10 11 12 | 12.0
Dodging        | 3 4 5 6 |  6.4
Stealth        | 3 5 6 7 8 9 |  9.4
Spellcasting   | 4 5 7 8 9 10 12 13 14 15 16 19 20 21 22 | 22.0
Conjurations   | 5 6 7 8 9 10 11 12 13 14 15 17 18 19 | 19.0
Armour         | 1 2 3 4 5 6 7 8 9 10 | 10.3
Invocations    | 1 2 3 4 5 6 7 8 9 10 11 12 | 12.7
Translocations | 3 5 6 8 |  8.0
Earth Magic    | 1 3 4 5 6 7 10 11 12 13 15 | 15.8
Throwing       | 2 3 4 5 |  5.0
Fire Magic     | 1 2 4 5 6 7 |  7.2
Evocations     | 1 2 3 4 5 |  5.0
Poison Magic   | 1 2 |  2.0
Air Magic      | 1 2 4 5 6 |  6.0
Fighting       | 2 3 5 |  5.0
Staves         | 3 4 |  4.4
Polearms       | 1 2 |  2.3
Ice Magic      | 4 5 6 |  6.0
Shields        | 1 5 7 8 |  8.7

Action                     |  1- 3 |  4- 6 |  7- 9 | 10-12 | 13-15 | 16-18 | 19-21 || total
---------------------------+-------+-------+-------+-------+-------+-------+-------++-------
  Melee: Mace              |       |     6 |    21 |    31 |       |       |       ||    58
         Punch             |       |       |     2 |     1 |     2 |       |       ||     5
         Rapier            |       |       |       |    19 |       |       |       ||    19
         Staff             |       |       |       |    14 |    48 |    49 |    27 ||   138
         Trident           |       |       |       |       |    34 |     5 |       ||    39
  Throw: Dart              |       |       |       |       |     1 |       |       ||     1
   Cast: Magic Dart        |    50 |   135 |       |       |       |       |     3 ||   188
         Searing Ray       |       |    15 |    44 |    26 |     2 |       |       ||    87
         Dazzling Flash    |       |     3 |     9 |     1 |     1 |     1 |       ||    15
         Fulminant Prism   |       |       |    19 |    62 |    48 |    41 |    21 ||   191
         Iskenderun's Myst |       |       |     4 |    58 |    55 |    41 |    62 ||   220
         Tukima's Dance    |       |       |     6 |    16 |    18 |    16 |       ||    56
         Flame Wave        |       |       |       |     2 |     1 |       |     1 ||     4
         Lee's Rapid Decon |       |       |       |    47 |   160 |   431 |    74 ||   712
         Iron Shot         |       |       |       |       |    44 |    91 |   168 ||   303
         Freezing Cloud    |       |       |       |       |       |    79 |   141 ||   220
         Fireball          |       |       |       |       |       |     4 |    37 ||    41
         Death's Door      |       |       |       |       |       |     1 |       ||     1
         Orb of Destructio |       |       |       |       |       |     7 |    53 ||    60
         Lehudib's Crystal |       |       |       |       |       |       |     1 ||     1
 Invoke: Channel Magic     |       |       |       |     7 |     9 |    40 |     7 ||    63
         Divine Exegesis   |       |       |       |       |       |     1 |       ||     1
  Evoke: Wand              |       |       |     2 |       |       |     2 |       ||     4
         Phantom mirror    |       |       |       |       |       |       |     1 ||     1
    Use: Scroll            |     2 |     6 |     9 |     8 |    14 |     7 |     4 ||    50
         Potion            |       |       |     2 |     2 |     3 |    21 |     1 ||    29
   Stab: Sleeping          |       |       |       |     1 |       |       |       ||     1
         Distracted        |       |       |       |     1 |       |     1 |       ||     2
 Armour: Robe              |     3 |     3 |    24 |    11 |       |       |       ||    41
         Leather armour    |       |       |       |    52 |    60 |    79 |    16 ||   207
         Animal skin       |       |       |       |       |       |       |    19 ||    19
         Swamp dragon scal |       |       |       |       |       |       |     7 ||     7
  Dodge: Dodged            |     4 |    21 |    57 |    93 |    82 |    89 |    63 ||   409
         Repelled          |       |       |       |       |       |     2 |    24 ||    26
  Block: Other             |       |       |       |       |       |     9 |       ||     9
         Reflection        |       |       |       |       |       |     3 |       ||     3
         Buckler           |       |       |       |       |       |    25 |    62 ||    87
